 Dungeon Crawl Stone Soup version 0.23.2-33-g5129a83184 (webtiles) character file.

Game seed: 11052892358614328318

88 Telecat the Ruffian (level 4, 0/45 HPs)
             Began as a Troll Monk on June 29, 2019.
             Killed from afar by Sigmund (7 damage)
             ... with a magic dart
             ... on level 3 of the Dungeon.
             The game lasted 00:03:16 (1429 turns).

Telecat the Ruffian (Troll Monk)                    Turns: 1429, Time: 00:03:17

Health: 0/45       AC:  6    Str: 20    XL:     4   Next: 30%
Magic:  3/3        EV: 10    Int:  6    God:
Gold:   115        SH:  0    Dex: 12    Spells: 3/3 levels left

rFire    . . .     SeeInvis .     - Unarmed
rCold    . . .     Gourm    +   (no shield)
rNeg     . . .     Faith    .   a - +0 robe
rPois    .         Spirit   .   (helmet restricted)
rElec    .         Reflect  .   (no cloak)
rCorr    .         Harm     .   (gloves unavailable)
MR       .....                  (boots unavailable)
Stlth    ++........             (no amulet)
HPRegen  0.55/turn              (no ring)
MPRegen  0.08/turn              (no ring)

@: no status effects
A: large, unfitting armour, claws 3, fast metabolism 3, gourmand, regeneration
1, shaggy fur 1, tough skin 3
a: no special abilities


You were on level 3 of the Dungeon.
You were very full.

You visited 1 branch of the dungeon, and saw 3 of its levels.

You collected 115 gold pieces.

Inventory:

Missiles
 m - 12 large rocks (quivered)
Armour
 a - a +0 robe (worn)
Jewellery
 q - an uncursed ring of flight {unknown}
Scrolls
 d - a scroll of enchant weapon {unknown}
 e - a scroll of fog {unknown}
 g - 2 scrolls of remove curse {unknown}
 h - a scroll of noise {unknown}
 i - 2 scrolls of fear {unknown}
 k - 5 scrolls of enchant armour {unknown}
 l - 3 scrolls of amnesia {unknown}
 n - a scroll of teleportation {unknown}
 o - a scroll of immolation {unknown}
 p - a scroll of magic mapping {unknown}
Potions
 f - 2 potions of lignification {unknown}
 j - 2 potions of curing {unknown}
Comestibles
 b - 6 rations
 c - 6 chunks of flesh


   Skills:
 + Level 3.4 Fighting
 - Level 2.4 Dodging
 - Level 1.0 Stealth
 + Level 4.2 Unarmed Combat


You had 3 spell levels left.
You didn't know any spells.
Your spell library contained the following spells:

 Spells                   Type           Power        Failure   Level  Hunger
 Corona                   Hex            #......      45%         1    ##.....
 Ensorcelled Hibernation  Hex/Ice        #.....       58%         2    ###....
 Confuse                  Hex            #.......     83%         3    ####...
 Dazzling Spray           Conj/Hex       #.....       83%         3    ####...
 Tukima's Dance           Hex            #.......     83%         3    ####...


Dungeon Overview and Level Annotations

Branches:
Dungeon (3/15)

Altars:

Annotations:
D:3 Sigmund, Terence


Innate Abilities, Weirdness & Mutations

You are too large for most types of armour.
You have claws for hands.
Your metabolism is lightning-fast.
You like to eat raw meat.
Your natural rate of healing is unusually fast.
You are covered in fur. (AC +1)
You have extremely tough skin. (AC +3)


Message History

a cursed -3 club; a +0 leather armour You barely miss Sigmund.
Sigmund points at you and mumbles some strange words.
You resist with some effort.
You closely miss Sigmund. Sigmund hits you with a +0 scythe.
You scratch Sigmund but do no damage. You scratch Sigmund.
Sigmund is lightly wounded.
Sigmund hits you with a +0 scythe!
* * * LOW HITPOINT WARNING * * *
Sigmund hits you from afar with a +0 scythe.
* * * LOW HITPOINT WARNING * * *
Sigmund gestures at you while chanting. The puff of flame misses you.
You see here 14 bolts.
You see here a +0 short sword.
You see here a +0 hand axe.
Sigmund casts a spell at you. The magic dart hits you!
You die...

#.##...###.......#
#. ###.........^.#
#. #####.......#
.. #.......# .#
#.......# ##
#.......#
#.......#
#.......#
#....@..#
####.#### #.# #.#
#)# ####@#####
#..))....#
#...(....#
#........#


You could see Sigmund.

Vanquished Creatures
  A gnoll (D:2)
  An adder (D:3)
  A worm (D:2)
  A dart slug (D:1)
  2 leopard geckos
  9 orcs (D:3)
  2 bats (D:1)
  A giant cockroach (D:1)
  7 goblins
  6 hobgoblins
  4 jackals
  6 kobolds
  4 quokkas
  A frilled lizard (D:1)
46 creatures vanquished.

Notes
Turn   | Place    | Note
-------+----------+-------------------------------------------
     0 | D:1      | Telecat the Troll Monk began the quest for the Orb.
     0 | D:1      | Reached XP level 1. HP: 22/22 MP: 0/0
   110 | D:1      | Reached XP level 2. HP: 22/29 MP: 1/1
   447 | D:1      | You fall through a shaft!
   524 | D:1      | Reached XP level 3. HP: 37/37 MP: 2/2
  1183 | D:3      | Reached skill level 4 in Unarmed Combat
  1227 | D:3      | Reached XP level 4. HP: 45/45 MP: 3/3
  1392 | D:3      | Noticed Sigmund
  1393 | D:3      | Noticed Terence
  1418 | D:3      | HP: 1/45 [Sigmund/+0 scythe (4)]
  1429 | D:3      | Killed from afar by Sigmund

Skill      XL: |  1  2  3 |
---------------+----------+-----
Fighting       | 3 |  3.4
Unarmed Combat | 4 |  4.2
Dodging        | |  2.4
Stealth        | |  1.0

Action                   |  1- 3 |  4- 6 || total
-------------------------+-------+-------++-------
Melee: Unarmed           |    90 |    24 ||   114
       Punch             |       |     1 ||     1
 Stab: Sleeping          |     4 |       ||     4
  Eat: Chunk             |    17 |     1 ||    18
Armor: Robe              |    25 |     1 ||    26
Dodge: Dodged            |    39 |    13 ||    52
